Map: Barriera sommersa LE

Players

Trebo - Winner!

  • Race: Protoss Protoss
  • League: Platinum
  • Spawn Location: 11:00

Senya

  • Race: Zerg Zerg
  • League: Platinum
  • Spawn Location: 5:00

VOD

Have the link to the VOD?

Description

Time

  • Played on: Dec. 6, 2017, noon
  • Length: 11:37
Show
View Real Time Build Order
Export as new Build Order

Trebo Protoss - Winner!

Build Orders:  

Get SALT Encoding   

  12  0:01  Probe  
  13  0:13  Probe  
  14  0:23  Pylon  
  14  0:25  Probe  
  15  0:41  Probe (Chrono Boost)  
  16  0:43  Gateway  
  16  0:53  Assimilator, Probe (Chrono Boost)  
  17  0:58  Probe (Chrono Boost)  
  18  1:07  Probe  
  19  1:16  Assimilator  
  19  1:19  Probe  
  20  1:28  Pylon  
  20  1:39  Cybernetics Core  
  20  1:40  Probe  
  20  1:41  Pylon  
  21  1:52  Probe (Chrono Boost)  
  22  2:02  Zealot  
  22  2:04  Probe (Chrono Boost)  
  25  2:10  Probe (Chrono Boost)  
  26  2:15  Warp Gate  
  26  2:18  Probe (Chrono Boost)  
  27  2:23  Probe (Chrono Boost)  
  27  2:28  Assimilator  
  27  2:29  Stalker  
  29  2:32  Probe  
  30  2:44  Probe  
  30  2:46  Pylon  
  31  3:08  Shield Battery  
  31  3:09  Twilight Council  
  31  3:17  Gateway  
  31  3:19  Pylon  
  31  3:38  Sentry (Chrono Boost)  
  33  3:42  Shield Battery  
  33  3:48  Nexus  
  33  3:59  Robotics Facility  
  33  4:00  Probe  
  34  4:19  Probe (Chrono Boost)  
  34  4:20  Assimilator  
  34  4:24  Forge  
  35  4:31  Probe (Chrono Boost)  
  36  4:33  Probe  
  37  4:51  Zealot x2  
  41  4:54  Blink (Chrono Boost)  
  41  4:58  Phoenix  
  41  5:10  Dark Shrine  
  41  5:11  Probe (Chrono Boost)  
  43  5:16  Photon Cannon  
  43  5:18  Probe (Chrono Boost)  
  45  5:25  Probe (Chrono Boost)  
  45  5:27  Probe (Chrono Boost)  
  45  5:35  Warp Prism  
  45  5:38  Probe x2  
  49  5:46  Assimilator  
  49  5:50  Probe x2  
  51  6:02  Probe x2  
  53  6:18  Immortal, Probe x2  
  59  6:30  Probe x2  
  59  6:31  Gateway  
  61  6:46  Gateway, Probe  
  62  6:52  Gateway  
  62  6:55  Charge (Chrono Boost)  
  62  6:57  Photon Cannon  
  62  7:02  Pylon  
  62  7:05  Pylon  
  62  7:09  Pylon  
  62  7:10  Pylon  
  62  7:20  Observer, Probe  
  64  7:22  Gateway  
  64  7:23  Protoss Ground Weapons Level 1 (Chrono Boost)  
  64  7:24  Gateway  
  64  7:27  Dark Templar  
  64  7:28  Dark Templar  
  68  7:57  Nexus  
  68  7:59  Pylon  
  68  8:02  Pylon  
  68  8:07  Dark Templar x4  
  59  8:37  Pylon  
  53  8:45  Dark Templar  
  53  8:46  Dark Templar  
  56  9:01  Dark Templar  
  56  9:02  Dark Templar x2  
  62  9:07  Archon  
  62  9:08  Archon  
  62  9:09  Dark Templar  
  64  9:18  Dark Templar x2  
  68  9:26  Pylon  
  58  9:49  Warp Prism  
  52  9:54  Dark Templar x3  
  50  10:09  Dark Templar x2  
  50  10:11  Stalker x2  
  50  10:12  Zealot  
  60  10:34  Templar Archives  
  60  10:49  Dark Templar  
  52  11:07  Templar Archives  
  52  11:12  Zealot x5  
  62  11:19  Probe  
  62  11:20  Probe x2  
  62  11:23  Assimilator  
  65  11:27  Assimilator  
  65  11:28  Shield Battery  
  65  11:31  Stalker, Shield Battery  
  70  11:33  Photon Cannon  
  70  11:34  Photon Cannon  
Show
View Real Time Build Order
Export as new Build Order

Senya Zerg 

Build Orders: Pool First 

Get SALT Encoding   

  12  0:02  Drone  
  13  0:14  Overlord  
  13  0:17  Drone  
  14  0:33  Drone x2  
  16  0:38  Extractor, Drone  
  16  0:55  Spawning Pool  
  16  0:56  Drone  
  16  1:02  Drone  
  17  1:16  Drone  
  18  1:37  Drone  
  19  1:43  Zergling x2  
  19  1:44  Zergling x2  
  21  1:49  Metabolic Boost  
  21  1:57  Overlord  
  21  2:02  Drone  
  22  2:15  Queen  
  24  2:29  Overlord  
  24  2:43  Hatchery  
  23  2:53  Evolution Chamber, Lair  
  22  3:00  Drone  
  23  3:07  Overlord x2  
  23  3:20  Drone  
  23  3:23  Zerg Missile Weapons Level 1  
  24  3:31  Spore Crawler, Drone  
  24  3:45  Drone x3  
  27  3:55  Queen  
  27  3:58  Drone  
  27  3:59  Drone  
  31  4:05  Drone  
  31  4:06  Drone  
  31  4:08  Drone x3  
  36  4:12  Spore Crawler  
  35  4:21  Hydralisk Den, Drone  
  36  4:31  Drone  
  36  4:32  Drone x2  
  38  4:38  Extractor  
  38  4:41  Extractor, Overlord  
  38  4:42  Overseer  
  36  4:50  Drone x3  
  39  4:55  Drone x2  
  41  5:00  Drone  
  42  5:12  Drone x2  
  42  5:13  Drone x2  
  46  5:15  Drone  
  46  5:18  Overlord x3  
  47  5:22  Muscular Augments  
  47  5:30  Drone  
  47  5:32  Extractor  
  47  5:33  Drone  
  47  5:34  Drone  
  49  5:38  Drone  
  50  5:43  Drone  
  51  5:52  Nydus Network  
  51  5:54  Drone  
  51  6:16  Spore Crawler  
  50  6:22  Hydralisk  
  50  6:23  Hydralisk x5  
  62  6:26  Hydralisk x3  
  68  6:41  Overseer  
  68  6:46  Zerg Missile Weapons Level 2  
  68  6:59  Lurker Den, Drone  
  68  7:01  Queen x2  
  68  7:04  Overlord x3  
  72  7:19  Hydralisk x3  
  72  7:21  Hydralisk x3  
  84  7:32  Zergling x6  
  84  7:33  Zergling x2  
  88  7:42  Spore Crawler  
  87  7:50  Nydus Canal  
  87  7:57  Hydralisk x2  
  91  8:00  Hydralisk x3  
  91  8:01  Hydralisk  
  75  8:36  Hydralisk x3  
  75  8:39  Hydralisk  
  75  8:40  Hydralisk x5  
  81  9:18  Nydus Canal  
  80  9:33  Hydralisk x3  
  80  9:35  Hydralisk x6  
  69  9:58  Hydralisk x3  
  75  10:00  Hydralisk  
  75  10:01  Hydralisk  
  77  10:13  Overseer  
  77  10:19  Zergling x2  
  77  10:20  Zergling x4  
  80  10:31  Queen  
  80  10:32  Zergling x8  
  80  10:33  Zergling x4  
  36  11:10  Hydralisk x5  
  36  11:11  Hydralisk  
  46  11:14  Zergling x6  
Tags
 
Add a new tag
Caveats
  • Supply blocks, unpowered buildings, or Contaminate may cause inaccurate times.
  • Supply counts are checked every 10 seconds.